Map: Interloper LE

Players

Badslinkie

  • Race: Terran Terran
  • League: Platinum
  • Spawn Location: 11:00

Yata - Winner!

  • Race: Zerg Zerg
  • League: Platinum
  • Spawn Location: 5:00

VOD

Have the link to the VOD?

Description

Time

  • Played on: Oct. 11, 2017, 5:05 p.m.
  • Length: 14:19
Show
View Real Time Build Order
Export as new Build Order

Badslinkie Terran 

Build Orders:  

Get SALT Encoding   

  12  0:00  SCV  
  13  0:12  SCV  
  14  0:20  Supply Depot  
  14  0:25  SCV  
  15  0:41  SCV  
  15  0:42  Barracks  
  16  0:53  SCV  
  16  0:56  Barracks  
  17  1:05  SCV  
  19  1:18  Refinery  
  18  1:29  Orbital Command  
  18  1:31  Supply Depot  
  18  1:34  Marine  
  19  1:43  Marine  
  20  1:54  Marine  
  22  2:01  SCV  
  22  2:02  Marine  
  23  2:13  SCV, Command Center  
  24  2:15  Marine  
  24  2:22  Supply Depot  
  25  2:25  Marine  
  25  2:27  SCV  
  27  2:35  Marine  
  28  2:39  SCV  
  29  2:45  Marine  
  30  2:55  Marine  
  30  2:56  Factory  
  31  3:03  Barracks Tech Lab  
  31  3:04  SCV  
  32  3:08  Supply Depot  
  32  3:14  Marine  
  32  3:16  SCV  
  34  3:20  Refinery  
  34  3:21  Marine  
  34  3:23  Stimpack  
  34  3:51  Marine  
  34  3:52  Marine  
  36  3:58  Factory Reactor  
  36  4:01  SCV  
  37  4:04  Supply Depot  
  37  4:09  Marine  
  38  4:10  Orbital Command  
  38  4:27  Barracks Reactor  
  38  4:28  Marine  
  38  4:31  Supply Depot  
  39  4:34  Engineering Bay  
  39  4:40  SCV  
  40  4:46  Marine  
  40  4:47  SCV  
  42  5:01  Hellion x2  
  42  5:03  Terran Infantry Weapons Level 1, Marine  
  47  5:13  SCV x2  
  49  5:14  Marine  
  49  5:15  Marine  
  51  5:34  Infernal Pre-Igniter  
  51  5:36  Hellion  
  51  5:37  Marine x3  
  56  5:44  Marine  
  57  5:55  Marine  
  58  5:57  Supply Depot  
  54  6:13  Marine x2  
  37  6:33  Marine  
  37  6:34  Marine x3  
  35  6:42  SCV x2  
  35  6:51  Marine  
  35  6:52  Marine x3  
  38  6:54  SCV  
  38  6:59  Hellion  
  35  7:06  SCV  
  36  7:09  Marine  
  36  7:10  Marine  
  36  7:13  Marine x2  
  40  7:18  SCV  
  41  7:23  Siege Tank  
  41  7:27  SCV, Marine  
  46  7:30  SCV  
  46  7:34  Starport  
  46  7:36  Barracks  
  47  7:37  Marine  
  47  7:38  Marine x2  
  47  7:39  SCV  
  47  7:42  SCV  
  52  7:50  Marine  
  53  7:55  Marine  
  54  7:59  SCV x2  
  54  8:00  Marine  
  55  8:06  Siege Tank  
  55  8:11  SCV  
  59  8:24  Barracks  
  59  8:27  Marine x3  
  59  8:29  SCV x2  
  59  8:32  Refinery  
  64  8:41  SCV  
  64  8:42  Siege Tank  
  64  8:45  Marine  
  64  8:46  Marine x3  
  69  9:03  Marine x2  
  69  9:04  Marine x2  
  69  9:07  SCV  
  74  9:14  Siege Tank  
  77  9:17  SCV  
  77  9:21  Marine x2  
  77  9:22  Marine  
  77  9:23  Barracks Tech Lab  
  81  9:24  Barracks Reactor  
  79  9:49  Marine x3  
  79  9:50  Marine x2  
  84  10:13  Marine  
  84  10:14  Marine  
  86  10:45  Marine x2  
  86  11:16  Supply Depot  
  86  11:18  Supply Depot  
  86  11:19  Supply Depot  
  86  11:20  Supply Depot  
  86  11:21  Supply Depot  
  86  11:22  Supply Depot  
  86  11:26  Command Center  
  86  11:33  SCV x2, Marine x7  
  86  11:34  Siege Tank  
  67  11:45  SCV  
  62  11:50  Marine x4  
  62  11:51  Marine x3  
  69  11:57  Starport Reactor  
  69  12:06  Siege Tank  
  72  12:08  Marine  
  72  12:11  Marine x2  
  72  12:12  Marine x4  
  79  12:21  Terran Infantry Armor Level 1  
  79  12:26  Marine  
  79  12:29  Marine  
  81  12:30  Combat Shields  
  81  12:31  Marine  
  81  12:32  Marine x4  
  86  12:38  Armory, Siege Tank  
  89  12:56  Marine x4  
  89  12:57  Marine  
  94  13:03  Command Center  
  77  13:07  Marine  
  77  13:08  Marine  
  77  13:11  Siege Tank  
  81  13:14  Marine x2  
  81  13:16  Marine x3  
  86  13:25  Marine x2  
  86  13:26  Medivac  
  90  13:27  Medivac  
  90  13:31  Marine  
  90  13:32  Marine  
  90  13:33  Command Center  
  94  13:34  Marine x3  
  94  13:38  SCV x2  
  99  13:43  Marine x2, Siege Tank  
  103  13:52  Marine x4  
Show
View Real Time Build Order
Export as new Build Order

Yata Zerg - Winner!

Build Orders: Hatch First 

Get SALT Encoding   

  12  0:01  Drone  
  13  0:16  Drone  
  14  0:31  Overlord  
  14  0:47  Hatchery  
  14  0:49  Drone x2  
  15  0:53  Drone  
  16  1:01  Drone  
  17  1:15  Extractor, Drone  
  17  1:29  Spawning Pool, Drone  
  17  1:32  Drone  
  18  1:43  Drone  
  19  1:54  Overlord  
  19  2:03  Drone  
  19  2:05  Drone  
  21  2:12  Drone  
  22  2:16  Queen  
  22  2:17  Queen  
  22  2:21  Zergling x4  
  28  2:24  Metabolic Boost  
  28  2:26  Drone  
  29  2:32  Overlord  
  29  2:36  Drone  
  30  2:41  Evolution Chamber  
  29  2:45  Baneling Nest  
  29  2:46  Drone  
  29  2:47  Drone  
  30  2:56  Overlord  
  30  3:10  Drone x2  
  30  3:11  Drone  
  33  3:21  Zergling x4  
  32  3:42  Overlord x2  
  32  3:43  Overlord  
  29  3:52  Overlord x3  
  29  4:00  Queen  
  32  4:02  Drone  
  32  4:03  Drone x2  
  34  4:10  Zerg Melee Weapons Level 1  
  34  4:12  Zergling x4  
  34  4:13  Zergling x4  
  34  4:16  Drone  
  39  4:23  Drone x4  
  43  4:28  Drone  
  44  4:36  Pneumatized Carapace  
  44  4:39  Zergling x4  
  44  4:45  Hatchery  
  45  4:51  Overlord  
  45  4:52  Drone x2  
  47  4:53  Drone x3  
  50  5:02  Zergling x2  
  50  5:03  Zergling x2  
  54  5:17  Zergling x4  
  54  5:18  Zergling x4  
  58  5:23  Extractor, Lair  
  58  5:25  Drone x3  
  58  5:34  Zergling x4  
  58  5:35  Zergling x2  
  61  5:44  Drone x2  
  61  5:45  Queen  
  65  6:00  Drone x2  
  65  6:01  Drone x6  
  71  6:14  Zergling x4  
  71  6:15  Zergling x4  
  63  6:23  Zergling x4  
  56  6:32  Zergling x2  
  56  6:33  Zergling x14  
  56  6:34  Zergling x2  
  55  6:42  Zergling x4  
  50  6:47  Overlord  
  45  6:55  Zergling x4  
  45  7:00  Drone x7  
  45  7:01  Queen  
  54  7:02  Queen  
  54  7:07  Zergling x2  
  59  7:10  Baneling x4  
  59  7:13  Zerg Melee Weapons Level 2  
  59  7:19  Queen  
  61  7:24  Hydralisk Den  
  60  7:30  Centrifical Hooks  
  60  7:36  Overlord x2  
  60  7:37  Overlord  
  60  7:45  Drone  
  60  7:46  Drone x7  
  67  7:57  Hatchery  
  66  7:58  Hydralisk  
  66  7:59  Hydralisk x5  
  78  8:11  Drone x8  
  86  8:20  Extractor, Drone  
  86  8:21  Extractor, Drone x2  
  86  8:22  Drone  
  86  8:26  Zergling x2  
  89  8:34  Zergling x2  
  89  8:35  Zergling x4  
  89  8:40  Muscular Augments  
  92  8:43  Zergling x2  
  92  8:44  Zergling x8  
  92  8:58  Overlord  
  92  8:59  Overlord  
  92  9:00  Overlord  
  92  9:01  Overlord  
  92  9:05  Drone x2  
  92  9:08  Zergling x4  
  92  9:09  Zergling x4  
  98  9:21  Queen  
  98  9:22  Queen x2  
  103  9:53  Drone x4  
  103  9:55  Zergling x28  
  103  9:56  Zergling x14  
  128  10:02  Zerg Ground Armor Level 1  
  128  10:08  Infestation Pit  
  128  10:09  Queen  
  128  10:10  Queen  
  128  10:12  Queen  
  133  10:25  Hydralisk x5  
  142  10:31  Baneling x4  
  142  10:32  Baneling x3  
  142  10:40  Zergling x2  
  143  10:45  Queen  
  143  10:49  Zergling x2  
  137  10:50  Zergling x14  
  137  10:56  Overlord  
  137  10:57  Overlord x4  
  144  11:00  Hive  
  144  11:05  Evolution Chamber  
  143  11:20  Zergling x8  
  143  11:21  Zergling x14  
  150  11:33  Hatchery  
  150  11:39  Zergling x2  
  131  11:40  Zergling x26  
  142  11:48  Overlord x4  
  142  11:51  Drone x2  
  144  11:58  Zerg Ground Armor Level 2  
  144  12:09  Hydralisk x4  
  144  12:10  Hydralisk x2  
  156  12:23  Drone x6  
  156  12:24  Drone x4  
  156  12:25  Drone x2  
  168  12:30  Zergling x10  
  173  12:38  Baneling x6  
  173  12:39  Baneling x3  
  173  12:53  Zergling x30  
  173  12:54  Zergling x8  
  175  13:06  Zergling x2  
  175  13:07  Zergling x8  
  175  13:11  Queen  
  181  13:20  Ultralisk Cavern  
  181  13:22  Zergling x10  
  181  13:23  Zergling x20  
  181  13:25  Baneling x3  
  181  13:26  Baneling x12  
  195  13:28  Zergling x8  
  196  13:43  Zergling x2  
  196  13:44  Zergling x12  
  191  13:50  Zergling x2  
  191  13:51  Zergling x16  
  192  13:57  Zergling x2  
  192  13:58  Zergling x6  
Tags
 
Matchup
TvZ
Replay Pack
Pack 1
Spawn Locations
Cross Positions
Add a new tag
Caveats
  • Supply blocks, unpowered buildings, or Contaminate may cause inaccurate times.
  • Supply counts are checked every 10 seconds.